AoeStats
← VaimX

Arena

509670906Analyzed
1v1 RM · 5d ago on Sep 27, 2026· 29m 54s· 2 players
Game mode
Random Map
Map size
Tiny (2 player)
Population
200
Speed
Normal
Resources
Standard
Victory
Conquest
Starting age
Dark Age
Ending age
Imperial Age
RankedLock teamsTeams togetherTeam positionsShared explorationLock speedFull tech treeHidden civsTurbo modeCheats
Victory
Defeat
🇬🇧 Ethiopians · United Kingdom
855
+15
🇪🇨 Britons · Ecuador
825
-15
VaimX
9:09 Feudal Age
10:26 Wheelbarrow
9:40 Double-Bit Axe
15:28 Castle Age
14:18 Stone Mining
23:00 Bow Saw
26:19 Gold Mining
32:41 Imperial Age
Sido
10:29 Feudal Age
14:18 Castle Age
13:00 Horse Collar
13:09 Double-Bit Axe
13:55 Gold Mining
28:35 Imperial Age
26:29 Heavy Plow
28:57 Scale Mail Armor
28:57 Capped Ram
Connection lost

Rejoining the realm…

Still unreachable

The connection could not be restored.

Session expired

The server has moved on; the page needs a fresh start.